 Dungeon Crawl Stone Soup version 0.13.0-9-gbc74161 (webtiles) character file.

827 Antur the Slasher (level 7, -4/48 HPs)
             Began as a High Elf Fighter on Oct 17, 2013.
             Slain by an ogre
             ... wielding a +0,+0 giant club
              (8 damage)
             ... on Level 5 of the Dungeon.
             The game lasted 00:15:40 (4315 turns).

Antur the Slasher (High Elf Fighter)                Turns: 4315, Time: 00:15:40

HP  -4/48        AC 15     Str 22      XL: 7   Next: 29%
MP  11/11        EV  7     Int 12      God:
Gold 173         SH 20     Dex 13 (15) Spells:  0 memorised,  6 levels left

Res.Fire  : . . .   See Invis. : .   a - +0 elf falchion
Res.Cold  : + . .   Warding    : .   b - +4 elf scale mail
Life Prot.: . . .   Conserve   : .   c - +0 elf shield
Res.Poison: .       Res.Corr.  : .   j - +1 helmet
Res.Elec. : .       Clarity    : .   (no cloak)
Sust.Abil.: . .     Spirit.Shd : .   (no gloves)
Res.Mut.  : .       Stasis     : .   p - +1 pair of boots
Res.Rott. : .       Flight     : .   (no amulet)
Saprovore : . . .                    (no ring)
                                     g - ring of protection from cold

@: mighty, mildly poisoned, slightly resistant to hostile enchantments,
extremely unstealthy
A: no striking features
a: no special abilities


You were on level 5 of the Dungeon.
You were not hungry.

You visited 1 branch of the dungeon, and saw 5 of its levels.

You collected 153 gold pieces.

Inventory:

Hand weapons
 a - a +0,+0 elven falchion (weapon)
Armour
 b - a +4 elven scale mail (worn)
 c - a +0 elven shield (worn)
 j - a +1 helmet (worn)
 p - a +1 pair of boots (worn)
Magical devices
 h - a wand of flame (0)
Comestibles
 d - 5 bread rations
 m - a meat ration
Scrolls
 e - 5 scrolls of remove curse {unknown}
 i - a scroll of identify
 k - 2 scrolls of magic mapping
 n - a scroll of amnesia
 s - a scroll of enchant weapon I {unknown}
Jewellery
 g - a ring of protection from cold (left hand)
Potions
 o - a potion of speed
Books
 t - a book of Geomancy

   Spells                             Type                      Level
   Sandblast                          Earth                        1
   Stoneskin                          Transmutation/Earth          2
   Passwall                           Transmutation/Earth          3
   Stone Arrow                        Conjuration/Earth            3
   Petrify                            Transmutation/Earth          4
   Lee's Rapid Deconstruction         Earth                        5


   Skills:
 + Level 3.6 Fighting
 * Level 6.7 Long Blades
 + Level 3.6 Armour
 + Level 2.9 Dodging
 + Level 0.2 Stealth
 + Level 4.3 Shields


You had 6 spell levels left.
You didn't know any spells.

Dungeon Overview and Level Annotations

Branches:
Dungeon (5/27)
 Temple: D:4-7

Altars:
Ashenzari
Kikubaaqudgha
Makhleb
Vehumet
Xom


Message History

Aim: an ogre, wielding a giant club Nothing appears to happen.
Drink which item? (? for menu, Esc to quit)
You feel very mighty all of a sudden.
You slash the ogre!
The ogre is moderately wounded.
The ogre hits you with a giant club!
You barely miss the ogre.
The ogre is moderately wounded.
You feel sick. You block the ogre's attack.
You slash the ogre!
The ogre is severely wounded.
You closely miss the ogre.
The ogre is severely wounded.
The ogre hits you with a giant club!
* * * LOW HITPOINT WARNING * * *
You slash the ogre!
The ogre is almost dead.
The ogre hits you with a giant club!
You die...

#.............
#..............
#..............
#...%......!...
#...............
#...............
#...............
#.........$......
#......@O........
#################


You could see an ogre.

Vanquished Creatures
  Sigmund (D:2)
  A quasit (D:5)
  A crimson imp (D:4)
  A hound (D:4)
  3 iguanas (D:4)
  2 orc wizards (D:4)
  2 worker ants
  Jessica (D:2)
  Terence (D:3)
  6 adders
  5 gnolls (D:4)
  A giant mite (D:1)
  A worm (D:3)
  An adder zombie (D:5)
  An adder skeleton (D:5)
  A giant eyeball (D:4)
  2 giant geckos
  2 oozes
  6 orcs
  6 giant cockroaches
  32 hobgoblins
  3 jackals (D:3)
  A ball python (D:1)
  11 bats
  3 giant newts
  35 goblins
  A hobgoblin skeleton (D:4)
  7 kobolds
  6 rats
144 creatures vanquished.

Notes
Turn   | Place    | Note
--------------------------------------------------------------
     0 | D:1      | Antur, the High Elf Fighter, began the quest for the Orb.
     0 | D:1      | Reached XP level 1. HP: 16/16 MP: 1/1
   534 | D:1      | Reached XP level 2. HP: 18/21 MP: 2/2
  1100 | D:2      | Reached XP level 3. HP: 27/27 MP: 4/4
  1113 | D:2      | Noticed Jessica
  1132 | D:2      | Killed Jessica
  1254 | D:2      | Noticed Sigmund
  1283 | D:2      | Killed Sigmund
  1283 | D:2      | Reached skill level 4 in Long Blades
  1283 | D:2      | Reached skill level 1 in Dodging
  1283 | D:2      | Reached XP level 4. HP: 3/32 MP: 6/6
  1585 | D:2      | Found a shimmering altar of Xom.
  1627 | D:2      | Reached XP level 5. HP: 32/37 MP: 7/7
  1676 | D:2      | Found an ancient bone altar of Kikubaaqudgha.
  1855 | D:3      | Found a shattered altar of Ashenzari.
  2179 | D:3      | Noticed Terence
  2188 | D:3      | Killed Terence
  2545 | D:3      | Learned a level 1 spell: Sandblast
  2672 | D:3      | Reached skill level 5 in Long Blades
  2802 | D:4      | Paralysed by a giant eyeball for 4 turns
  2809 | D:4      | Paralysed by a giant eyeball for 4 turns
  2818 | D:4      | Paralysed by a giant eyeball for 4 turns
  2822 | D:4      | HP: 1/37 [goblin (1)]
  2884 | D:4      | Reached XP level 6. HP: 17/43 MP: 9/9
  3495 | D:4      | Found a radiant altar of Vehumet.
  3496 | D:4      | Found a burning altar of Makhleb.
  3575 | D:4      | Reached skill level 6 in Long Blades
  3829 | D:4      | Reached XP level 7. HP: 27/48 MP: 11/11
  4127 | D:5      | Entered Level 5 of the Dungeon
  4315 | D:5      | Slain by an ogre

Action                   |  1- 3 |  4- 6 |  7- 9 || total
-------------------------+-------+-------+-------++-------
Melee: Falchion          |    95 |   388 |   142 ||   625
  Use: Potion            |     7 |     5 |     1 ||    13
       Scroll            |       |     5 |     8 ||    13
